 Dungeon Sprint DCSS version 0.17-a0-1951-g62301d3 (webtiles) character file.

79 kosy22 the Ruffian (level 4, 0/49 HPs)
             Began as a Troll Berserker on Oct 2, 2015.
             Was an Elder of Trog.
             Slain by an unseen horror (4 damage)
             ... in the Dungeon (Sprint IX: "|||||||||||||||||||||||||||||").
             The game lasted 00:01:27 (121 turns).

kosy22 the Ruffian (Troll Berserker)                 Turns: 121, Time: 00:01:27

Health: 0/49       AC:  6    Str: 26    XL:     4   Next: 17%
Magic:  0/3        EV: 14    Int: 13    God:    Trog [****..]
Gold:   0          SH:  0    Dex: 16    Spells: 0 memorised, 3 levels left

rFire  . . .     SeeInvis .     m - +2 rapier of Prudence {flame, rC- Int+10 Dex+4 Stlth+}
rCold  x . .     Clarity  .     a - +0 animal skin
rNeg   . . .     SustAt   .     (no shield)
rPois  .         Gourm    +     (helmet restricted)
rElec  .         Spirit   .     n - +0 cloak
rCorr  .         Warding  .     (gloves unavailable)
rMut   .         NoTele   +     (boots unavailable)
MR     ++...                    (no amulet)
Stlth  +++.......               p - +3 ring of dexterity
                                o - +2 ring of evasion

@: very slightly contaminated, regenerating, invisible, very resistant to
hostile enchantments, fairly stealthy
A: unfitting armour, claws 3, fast metabolism 3, gourmand, regeneration 2,
shaggy fur 1, tough skin 2
a: Burn Spellbooks, Berserk, Trog's Hand, Brothers in Arms, Renounce Religion


You were in the Dungeon.
You worshipped Trog.
Trog was greatly pleased with you.
You were not hungry.

You visited 1 branch

Inventory:

Hand weapons
 l - a +2 halberd of protection
 m - the +2 rapier of Prudence (weapon) {flame, rC- Int+10 Dex+4 Stlth+}
   (You found it in the Dungeon)

   It has been specially enchanted to burn those struck by it, causing extra
   injury to most foes and up to half again as much damage against particularly
   susceptible opponents.
   It affects your intelligence (+10).
   It affects your dexterity (+4).
   It makes you vulnerable to cold.
   It makes you more stealthy.
Armour
 a - a +0 animal skin (worn)
 n - a +0 cloak (worn)
Jewellery
 o - a +2 ring of evasion (left claw)
 p - a +3 ring of dexterity (right claw)
Magical devices
 k - a wand of cold (7)
Scrolls
 h - 2 scrolls of blinking
 j - 3 scrolls of remove curse
Potions
 c - 4 potions of curing
 d - a potion of heal wounds
 e - a potion of haste
 f - 4 potions of magic
 g - a potion of berserk rage
Comestibles
 b - 2 bread rations


   Skills:
 + Level 4.3 Fighting
 + Level 4.6 Dodging
 + Level 0.5 Stealth
 + Level 5.6 Unarmed Combat


You had 3 spell levels left.
You didn't know any spells.

Dungeon Overview and Level Annotations

Branches:
Dungeon (1/1)

Altars:
Cheibriados
Dithmenos
Elyvilon
Fedhas
Gozag
Kikubaaqudgha
Makhleb
Nemelex Xobeh
Okawaru
Qazlal
Ru
Sif Muna
Trog
Vehumet
Xom
Yredelemnul
Zin
The Shining One
Beogh
Jiyva
Lugonu


Innate Abilities, Weirdness & Mutations

You are too large for most types of armour.
You have claws for hands.
Your metabolism is lightning-fast.
You like to eat raw meat.
You heal very quickly.
You are covered in fur (AC +1).
You have very tough skin (AC +2).


Message History

Something hits you but does no damage.
You are very lightly contaminated with residual magic.
You hit something. You burn something. Something barely misses you.
You closely miss something. You claw something!
Something completely misses you. Something hits you! Something hits you!
* * * LOW HITPOINT WARNING * * *
The eye of draining gazes at you.
You feel your power leaking away.
You hit something. You burn something. Something hits you but does no damage.
Something hits you but does no damage.
You closely miss something.
You feel the effects of Trog's Hand fading.
Something hits you.
* * * LOW HITPOINT WARNING * * *
Something barely misses you. Something hits you but does no damage.
The eye of draining gazes at you. Something hits you.
* * * LOW HITPOINT WARNING * * *
Something hits you.
You die... ▓▓▓▓▓▓▓▓▓▓▓▓▓▓▓▓▓▓▓▓▓▓▓▓▓▓▓ +..WG.Fl..@[.)|?.'_________ ▓▓▓▓▓▓▓▓▓▓▓▓▓▓▓▓▓▓▓▓▓▓▓▓▓▓▓

You could see an eye of draining, a phantom, a giant frog and an iguana (wandering).

Vanquished Creatures
  2 hounds (D)
  An adder (D)
  A giant gecko (D)
  An orc (D)
  2 bats (D)
  A giant cockroach (D)
  A giant cockroach zombie (D)
  A giant newt (D)
  A rat (D)
11 creatures vanquished.

Notes
Turn   | Place    | Note
--------------------------------------------------------------
     0 | D        | kosy22 the Troll Berserker began the quest for the Orb.
     0 | D        | Reached XP level 1. HP: 22/22 MP: 0/0
    10 | D        | Acquired Trog's second power
    20 | D        | Noticed a hound
    20 | D        | Noticed a hound
    23 | D        | Reached skill level 4 in Unarmed Combat
    23 | D        | Reached XP level 2. HP: 26/29 MP: 1/1
    28 | D        | Killed a hound
    28 | D        | Acquired Trog's third power
    28 | D        | Reached skill level 5 in Unarmed Combat
    28 | D        | Reached XP level 3. HP: 32/39 MP: 2/2
    32 | D        | Killed a hound
    32 | D        | Reached XP level 4. HP: 31/49 MP: 3/3
    39 | D        | Found a glowing silver altar of Zin.
    39 | D        | Found a glowing golden altar of the Shining One.
    39 | D        | Found an ancient bone altar of Kikubaaqudgha.
    39 | D        | Found a basalt altar of Yredelemnul.
    39 | D        | Found a shimmering altar of Xom.
    39 | D        | Found a radiant altar of Vehumet.
    40 | D        | Found an iron altar of Okawaru.
    41 | D        | Found a burning altar of Makhleb.
    42 | D        | Found a deep blue altar of Sif Muna.
    43 | D        | Found a bloodstained altar of Trog.
    44 | D        | Found a sparkling altar of Nemelex Xobeh.
    45 | D        | Found a white marble altar of Elyvilon.
    46 | D        | Found a roughly hewn altar of Beogh.
    47 | D        | Found a viscous altar of Jiyva.
    48 | D        | Found a corrupted altar of Lugonu.
    49 | D        | Found a blossoming altar of Fedhas.
    50 | D        | Found a snail-covered altar of Cheibriados.
    51 | D        | Found a shadowy altar of Dithmenos.
    52 | D        | Found a stormy altar of Qazlal.
    53 | D        | Found an opulent altar of Gozag.
    54 | D        | Found a sacrificial altar of Ru.
    71 | D        | Got the +2 rapier of Prudence {flame, rC- Int+10 Dex+4 Stlth+}
    98 | D        | Noticed an eye of draining
    98 | D        | Noticed a phantom
    98 | D        | Noticed a giant frog
    98 | D        | Noticed an iguana
   121 | D        | Slain by an unseen horror

Vault maps used:
D:        linesprint

Action                   |  1- 3 |  4- 6 || total
-------------------------+-------+-------++-------
Melee: Unarmed           |    21 |       ||    21
       Rapier            |       |    14 ||    14
Invok: Trog's Hand       |       |     1 ||     1
  Use: Potion            |       |     4 ||     4
 Stab: Sleeping          |     1 |       ||     1
